 Dungeon Crawl Stone Soup version 0.31-a0-984-gbfb7dba898 (webtiles) character file.

Game seed: 5089578922427832113

121 MacCMillion the Ruffian (level 5, -1/36 HPs)
             Began as an Octopode Shapeshifter on Nov 3, 2023.
             Slain by an orc priest
             ... wielding a +0 club
              (5 damage)
             ... on level 4 of the Dungeon.
             The game lasted 00:05:42 (2922 turns).

MacCMillion the Ruffian (Octopode Shapeshifter)     Turns: 2922, Time: 00:05:43

Health: -1/36      AC:  1    Str: 15    XL:     5   Next: 5%
Magic:  5/5        EV: 13    Int: 12    God:
Gold:   61         SH:  0    Dex: 12    Spells: 4/4 levels left

rFire   . .          .
                       - Unarmed
rCold   . . .        (no shield)
rNeg    . . .        (helmet currently unavailable)
rPois   .            (no amulet)
rElec   .            (no ring)
rCorr   .            (no ring)
SInv    .            (no ring)
Will    .....        (no ring)
Stlth   +++          (no ring)
HPRegen 0.26/turn    (no ring)
MPRegen 0.09/turn    (no ring)
                     (no ring)

%: no passive effects
@: beast-form
A: beast (slay +1), almost no armour, amphibious, 8 rings, camouflage 1,
gelatinous body 1, (nimble swimmer 1), tentacles
a: Begin Untransformation


You were on level 4 of the Dungeon.
You were a hulking beast.
You visited 1 branch of the dungeon, and saw 4 of its levels.

You collected 121 gold pieces.
You spent 60 gold pieces at shops.

Inventory:

Missiles
 j - a throwing net
Jewellery
 e - an amulet of the acrobat
 n - a ring of poison resistance
Talismans
 b - a beast talisman
 c - a flux talisman
Scrolls
 d - 3 scrolls of enchant weapon {unknown}
 h - 3 scrolls of teleportation
 o - a scroll of amnesia {unknown}
 p - a scroll of immolation {unknown}
 r - a scroll of noise
Potions
 a - 2 potions of lignification
 f - a potion of haste
 g - a potion of brilliance
 i - 2 potions of berserk rage
 l - a potion of resistance {unknown}
 m - a potion of curing {unknown}
 q - a potion of heal wounds {unknown}


   Skills:
 + Level 2.8 Fighting
 - Level 2.0 Dodging
 + Level 3.5 Stealth
 + Level 4.0 Unarmed Combat
 - Level 3.0 Shapeshifting


You had 4 spell levels left.
You didn't know any spells.
Your spell library was empty.

Dungeon Overview and Level Annotations

Branches:
Dungeon (4/15)
 Temple: D:4-7

Altars:
Dithmenos
Kikubaaqudgha
Okawaru
Ru

Shops:
D:3 (?

Annotations:
D:2 Sigmund
D:3 2 transporters, Pargi


Innate Abilities, Weirdness & Mutations

You are a hulking beast.
Your limbs bulge with bestial killing power. (Slay +1)
You cannot wear most types of armour.
You are amphibious.
You can wear up to eight rings at the same time.
Your skin changes colour to match your surroundings (Stealth+).
Your rubbery body absorbs attacks. (AC +1, EV +1)
((You are camouflaged when in or above water. (Stealth+)))
You have tentacles for arms and can constrict up to eight enemies at once.


Message History

There is an open door here.
There is an open door here.
Pargi is nearby!
There is an open door here.
There is a stone staircase leading down here.
You climb downwards.
You hear the hiss of flowing sand.
There is an entrance to an ossuary on this level.
Hurry and find it before the portal is buried!
Found 8 gold pieces.
There is a stone staircase leading up here.
You now have 61 gold pieces (gained 8).
Found a leather armour.
An orc comes into view.
It is wielding a +0 hand axe. 2 orc priests and 2 orcs come into view.
The orc shouts!
The orc priest shouts!
You hear a shout!
The orc priest mumbles some strange prayers to Beogh against you.
Beogh smites you!
You hear a shout!
You start resting.
An orc priest is nearby!
The orc priest closely misses you.
You barely miss the orc priest. You grab the orc priest.
You constrict the orc priest. The orc priest hits you with a +0 club.
You tentacle-slap the orc priest.
The orc priest is moderately wounded.
You constrict the orc priest. The orc priest barely misses you.
You tentacle-slap the orc priest.
The orc priest is heavily wounded.
You constrict the orc priest, but do no damage.
The orc priest mumbles some strange prayers to Beogh against you.
Beogh smites you!
You hear a shout!
You are too injured to fight recklessly!
You completely miss the orc priest. Your grab misses the orc priest.
You constrict the orc priest.
The orc priest hits you with a +0 morningstar!
* * * LOW HITPOINT WARNING * * *
The orc priest hits you with a +0 club.
You die...

#......#
#.o....#
#..###.#
#..#######
#....#...# ..
#....#...# .
#...##..# .# #
#...##..##.##..
#...oh.........
#...o..........
#..............
#......<.#####
##########


You could see 2 orc priests.

Vanquished Creatures
  Robin (D:2)
  4 adders
  A dart slug (D:3)
  2 orcs (D:3)
  2 giant cockroaches (D:3)
  12 goblins
  12 hobgoblins
  2 kobolds
  6 quokkas
  5 ball pythons
  5 bats
  10 frilled lizards (D:1)
  4 rats
66 creatures vanquished.

Notes
Turn   | Place    | Note
-------+----------+-------------------------------------------
     0 | D:1      | MacCMillion the Octopode Shapeshifter began the quest for
                  | the Orb.
     0 | D:1      | Reached XP level 1. HP: 13/13 MP: 1/1
   208 | D:1      | Reached skill level 1 in Stealth
   213 | D:1      | Reached XP level 2. HP: 17/18 MP: 2/2
   913 | D:2      | Reached XP level 3. HP: 14/24 MP: 3/3
   960 | D:2      | Noticed Robin
   995 | D:2      | Noticed Sigmund
  1058 | D:2      | Killed Robin
  1235 | D:2      | Identified the +6 scale mail "Gen Wi Inux" {Regen+ Str+5}
  1301 | D:2      | Reached XP level 4. HP: 29/29 MP: 4/4
  1516 | D:2      | Found a faded altar of an unknown god.
  1774 | D:3      | Found a transporter.
  1777 | D:3      | Found a transporter.
  1835 | D:3      | Found an iron altar of Okawaru.
  2041 | D:3      | Found an ancient bone altar of Kikubaaqudgha.
  2065 | D:3      | Noticed Pargi
  2424 | D:3      | Found Yffuf's Antique Weapon Emporium.
  2509 | D:3      | Found a sacrificial altar of Ru.
  2527 | D:3      | Reached skill level 4 in Unarmed Combat
  2527 | D:3      | Reached XP level 5. HP: 35/35 MP: 5/5
  2617 | D:3      | Noticed a steam dragon
  2620 | D:3      | Found a shadowy altar of Dithmenos.
  2641 | D:3      | Found Uzah's Magic Scroll Emporium.
  2649 | D:3      | Bought a scroll of noise for 10 gold pieces
  2649 | D:3      | Bought a scroll of teleportation for 30 gold pieces
  2649 | D:3      | Bought a scroll of identify for 20 gold pieces
  2922 | D:4      | Slain by an orc priest

Illustrated notes

Levels and vault maps discovered:
D:1:      minmay_arrival_radiant_lines, layout_loops_ring, serial_rivers,
          chequers_serial_rivers_micro_c, chequers_serial_rivers_micro_a,
          chequers_serial_rivers_micro_d, chequers_serial_rivers_small_3,
          chequers_serial_rivers_small_b, minmay_lizard_pond
D:2:      layout_rooms, basic_ecumenical_altar, uniq_sigmund, uniq_robin
D:3:      layout_basic, nicolae_ru_the_path_less_chosen,
          mainiacjoe_overflow_alcove_1, gammafunk_temple_overflow_arena,
          nicolae_kikubaaqudgha_miasma_corner, serial_shops, shop,
          shop_fountains, uniq_pargi
D:4:      layout_gridville, minmay_temple_entry_drinking_statues,
          nicolae_ossuary_entry_false_entrances, uniq_crazy_yiuf_cottage,
          uniq_menkaure

Skill      XL: |  1  2  3  4 |
---------------+-------------+-----
Stealth        | 1 2 3 |  3.5
Fighting       | 2 |  2.8
Unarmed Combat | 4 |  4.0
Dodging        | |  2.0
Shapeshifting  | |  3.0

Action                     |  1- 3 |  4- 6 || total
---------------------------+-------+-------++-------
  Melee: Unarmed           |    79 |    42 ||   121
         Constrict         |    20 |    13 ||    33
         Tentacles         |     9 |     7 ||    16
         Punch             |     2 |     1 ||     3
    Use: Scroll            |       |     3 ||     3
   Stab: Sleeping          |     5 |     6 ||    11
 Armour: Skin              |    28 |    20 ||    48
  Dodge: Dodged            |    48 |    21 ||    69

Table legend: (Time is in decaauts)
 A = Elapsed time spent in this place.
 B = Non-inter-level travel time spent in this place.
 C = Inter-level travel time spent in this place.
 D = Time resting spent in this place.
 E = Time spent auto-exploring this place.
 F = Levels seen in this place.
 G = Mean time per level.
                   A        B        C        D        E       F      G
               +--------+--------+--------+--------+--------+-----+--------+
         Total |   2914 |   2761 |    153 |    729 |   1438 |   4 |  728.5 |
       Dungeon |   2914 |   2761 |    153 |    729 |   1438 |   4 |  728.5 |
               +--------+--------+--------+--------+--------+-----+--------+

Top non-repeatable levels by time:
     D:3: 1168 daAuts
     D:1: 1051 daAuts
     D:2: 656 daAuts
     D:4: 38 daAuts
